AoeStats
← ivcrk826

MegaRandom

505820336Analyzed
1v1 RM · 20d ago on Sep 11, 2026· 38m 59s· 2 players
Game mode
Random Map
Map size
Tiny (2 player)
Population
200
Speed
Normal
Resources
Standard
Victory
Conquest
Starting age
Dark Age
Ending age
Imperial Age
RankedLock teamsTeams togetherTeam positionsShared explorationLock speedFull tech treeHidden civsTurbo modeCheats
Victory
Defeat
🇳🇱 Persians · Netherlands
1162
+17
🇦🇷 Wu · Argentina
1189
-17
Pumpk1nL0rd
3:30 Loom
12:26 Feudal Age
16:04 Fletching
17:11 Town Watch
20:20 Scale Barding Armor
20:19 Horse Collar
22:41 Town Watch
28:46 Castle Age
27:23 Forging
27:40 Bloodlines
28:03 Gold Mining
29:34 Chain Barding Armor
ivcrk826
3:53 Loom
8:28 Loom
11:51 Feudal Age
11:56 Man-at-Arms
20:14 Fletching
21:04 Padded Archer Armor
28:21 Castle Age
27:06 Scale Mail Armor
27:09 Horse Collar
28:41 Forging
28:43 Double-Bit Axe
29:30 Pikeman
Connection lost

Rejoining the realm…

Still unreachable

The connection could not be restored.

Session expired

The server has moved on; the page needs a fresh start.